[Event "CZE-ch U10 Open 2023"]
[Site "Teplice"]
[Date "2023.03.13"]
[Round "4.3"]
[White "Skoloud, Josef"]
[Black "Velim, Vojtech"]
[Result "0-1"]
[ECO "B14"]
[WhiteElo "1090"]
[BlackElo "1369"]
[Annotator "NA RC COMBH"]
[PlyCount "80"]
[EventDate "2023.03.09"]
[EventType "swiss"]
[EventCountry "CZE"]
[SourceTitle "playchess.com"]
[Source "ChessBase"]
[SourceQuality "1"]
[TimeControl "40/5400+30:1800+30"]

1. e4 c6 2. d4 d5 3. exd5 cxd5 4. c4 Nf6 5. Nc3 e6 6. Bg5 Be7 7. Nf3 dxc4 8. Bxc4 Nc6 9. O-O O-O 10. Bf4 Bd6 11. Qd2 Ne7 12. Bg5 Ng6 13. Rac1 h6 14. Be3 Bd7 15. Rfe1 Rc8 16. Bd3 a6 17. Ne4 Rxc1 18. Rxc1 Nxe4 19. Bxe4 f5 20. Bd3 f4 21. Bxg6 fxe3 22. fxe3 Rxf3 23. gxf3 Qg5+ 24. Kh1 Qxg6 25. Rg1 Qh5 26. Qg2 g5 27. e4 Kh8 28. Rd1 Bxh2 29. b3 e5 30. dxe5 Bf4+ 31. Kg1 Be3+ 32. Kf1 Bh3 33. Rd8+ Kg7 34. Rd7+ Kf8 35. e6 Qxf3+ 36. Ke1 Qxg2 37. e7+ Ke8 38. Rd8+ Kxe7 39. Rd7+ Kxd7 40. e5 Qd2# 0-1

[Event "CZE-ch U10 Open 2023"]
[Site "Teplice"]
[Date "2023.03.13"]
[Round "4.4"]
[White "Gernert, Tomas"]
[Black "Kroulik, Stepan"]
[Result "0-1"]
[ECO "B33"]
[WhiteElo "1362"]
[BlackElo "1228"]
[Annotator "NA RC COMBH"]
[PlyCount "92"]
[EventDate "2023.03.09"]
[EventType "swiss"]
[EventCountry "CZE"]
[SourceTitle "playchess.com"]
[Source "ChessBase"]
[SourceQuality "1"]
[TimeControl "40/5400+30:1800+30"]

1. e4 c5 2. Nf3 Nc6 3. d4 cxd4 4. Nxd4 Nf6 5. Nc3 e6 6. Be3 Bb4 7. Qd2 Nxe4 8. Qd3 Nc5 9. Qd1 O-O 10. a3 Bxc3+ 11. bxc3 Qa5 12. Nxc6 bxc6 13. Qd4 Na4 14. Bd2 Nb6 15. c4 Qa4 16. Bc3 f6 17. Bd3 d5 18. Qh4 h6 19. Bb4 Rd8 20. Qg3 Nxc4 21. Be7 Rd7 22. Bxf6 Qa5+ 23. c3 Rf7 24. Be5 Nxe5 25. Qxe5 c5 26. O-O Qc7 27. f4 Qxe5 28. fxe5 Rxf1+ 29. Rxf1 Rb8 30. Rf3 Rb3 31. a4 Ra3 32. Bb5 Ra2 33. h3 a6 34. Be8 Re2 35. Rf7 a5 36. Bb5 Kxf7 37. Bxe2 Kg6 38. Bd3+ Kg5 39. g3 h5 40. Kf2 h4 41. Kf3 Bd7 42. Bc2 hxg3 43. Kxg3 Be8 44. h4+ Kh6 45. Kg4 Bg6 46. Bd1 Bh5+ 0-1

[Event "CZE-ch U10 Open 2023"]
[Site "Teplice"]
[Date "2023.03.13"]
[Round "4.5"]
[White "Lutskiy, Mikhail"]
[Black "Koutecky, Vaclav"]
[Result "1-0"]
[ECO "B01"]
[WhiteElo "1150"]
[BlackElo "2060"]
[Annotator "TA"]
[PlyCount "57"]
[EventDate "2023.03.09"]
[EventType "swiss"]
[EventCountry "CZE"]
[SourceTitle "playchess.com"]
[Source "ChessBase"]
[SourceQuality "1"]
[TimeControl "40/5400+30:1800+30"]

1. e4 d5 2. exd5 Nf6 3. c4 Bf5 4. h3 c6 5. dxc6 Nxc6 6. Nf3 {[%emt 0:03:51] B01: Scandinavian Defence.} e5 {[%emt 0:01:06][%mdl 1024] ...Nb4 is the strong threat. Black has compensation.} 7. Nc3 Bc5 (7... e4 $15 8. Nh4 Be6) 8. Be2 {[%emt 0:00:30] The position is equal.} O-O 9. O-O {[%emt 0:00:53] [#]} Qb6 $146 (9... e4 $11 {remains equal.} 10. Nh4 Qd7) ({Predecessor:} 9... Re8 10. d3 h6 11. Be3 Nd4 12. Bxd4 Bxd4 13. Qb3 Bc5 14. Rad1 Re6 15. Nb5 Rb6 {1-0 Tao,R (1659)-Pobereshnikova,A (1547) Toronto NAYCC U14 Girls 2013 (9)}) 10. Na4 $16 Qa5 11. Nxc5 Qxc5 12. d3 Rad8 13. Qb3 h6 14. Be3 $36 {[%emt 0:02:14][%mdl 2048] White has strong initiative.} Qe7 15. Rfe1 Rd7 16. Rad1 Rfd8 17. a3 (17. Qc3 $16) 17... Nh5 $2 {[%emt 0:05:11] [#] Loses the game.} ({Black should play} 17... Nh7 $14) 18. g4 $18 Na5 $2 (18... Be6 19. gxh5 Bxh3) 19. Qc3 e4 20. dxe4 ({Not} 20. gxh5 exf3 21. Bxf3 (21. Qxa5 fxe2 22. Qxf5 exd1=N $15) 21... Nc6 $18) 20... Rxd1 21. Bxd1 Rxd1 22. Rxd1 Bxe4 23. Qxa5 {[%emt 0:00:52] [#] Rd8+ would be deadly.} b6 24. Qxh5 Bxf3 25. Re1 Qc7 26. Bd2 {[%emt 0:02:38] Intending Re8+ and mate.} a6 27. Re8+ {White mates.} Kh7 28. Qf5+ g6 29. Qf6 {Weighted Error Value: White=0.19 (very precise) /Black=1.06} 1-0

[Event "CZE-ch U10 Open 2023"]
[Site "Teplice"]
[Date "2023.03.13"]
[Round "4.6"]
[White "Vo, Daniel"]
[Black "Galia, Simon"]
[Result "1-0"]
[ECO "C42"]
[WhiteElo "1440"]
[BlackElo "1071"]
[Annotator "NA RC COMBH"]
[PlyCount "95"]
[EventDate "2023.03.09"]
[EventType "swiss"]
[EventCountry "CZE"]
[SourceTitle "playchess.com"]
[Source "ChessBase"]
[SourceQuality "1"]
[TimeControl "40/5400+30:1800+30"]

1. e4 e5 2. Nf3 Nf6 3. Nc3 Bb4 4. Bc4 d6 5. a3 Ba5 6. b4 Bb6 7. Bb2 Bg4 8. O-O O-O 9. h3 Bh5 10. Re1 Re8 11. Be2 Nbd7 12. d4 Bxf3 13. Bxf3 Bxd4 14. Qe2 Nf8 15. Na4 Bxb2 16. Nxb2 Ne6 17. c3 Nf4 18. Qd2 c6 19. Nd3 Nxd3 20. Qxd3 d5 21. Qc2 Qd6 22. Rad1 Rad8 23. exd5 cxd5 24. c4 Qc6 25. c5 b6 26. Be2 Rc8 27. a4 Re7 28. Bb5 Qc7 29. Rc1 bxc5 30. bxc5 d4 31. c6 Re6 32. f4 Qb6 33. Kh1 a6 34. fxe5 axb5 35. exf6 Rxf6 36. axb5 Qxb5 37. c7 g6 38. Rb1 Qd7 39. Rb8 Rd6 40. Rxc8+ Qxc8 41. Rb1 d3 42. Qc5 Rd8 43. cxd8=Q+ Qxd8 44. Qb6 Qd7 45. Qb5 Qd6 46. Qb8+ Qf8 47. Qxf8+ Kxf8 48. Rd1 1-0

[Event "CZE-ch U10 Open 2023"]
[Site "Teplice"]
[Date "2023.03.13"]
[Round "4.7"]
[White "Fadrny, Jachym"]
[Black "Moravec, Rene"]
[Result "0-1"]
[ECO "B01"]
[WhiteElo "1279"]
[BlackElo "1216"]
[Annotator "NA RC COMBH"]
[PlyCount "28"]
[EventDate "2023.03.09"]
[EventType "swiss"]
[EventCountry "CZE"]
[SourceTitle "playchess.com"]
[Source "ChessBase"]
[SourceQuality "1"]
[TimeControl "40/5400+30:1800+30"]

1. e4 d5 2. exd5 Nf6 3. c4 e6 4. dxe6 Bxe6 5. Nc3 Bc5 6. Nf3 Nc6 7. a3 O-O 8. b4 Bd4 9. Bb2 Re8 10. d3 Ng4 11. Nxd4 Qxd4 12. Qd2 Bxc4+ 13. Ne4 Qb6 14. Qg5 Qxf2+ 0-1

[Event "CZE-ch U10 Open 2023"]
[Site "Teplice"]
[Date "2023.03.13"]
[Round "4.8"]
[White "Zelenka, Tomas"]
[Black "Bucek, Vit"]
[Result "0-1"]
[ECO "B21"]
[WhiteElo "1272"]
[BlackElo "1198"]
[Annotator "NA RC COMBH"]
[PlyCount "101"]
[EventDate "2023.03.09"]
[EventType "swiss"]
[EventCountry "CZE"]
[SourceTitle "playchess.com"]
[Source "ChessBase"]
[SourceQuality "1"]
[TimeControl "40/5400+30:1800+30"]

1. e4 c5 2. d4 cxd4 3. c3 d3 4. Bxd3 Nc6 5. Nf3 g6 6. O-O Bg7 7. Be3 d6 8. Nbd2 Nf6 9. Nc4 Bg4 10. h3 Bxf3 11. Qxf3 O-O 12. Rad1 Rc8 13. Bc2 Qc7 14. Rfe1 Nd7 15. Qg4 Nce5 16. Nxe5 Nxe5 17. Qh4 Rfe8 18. f4 Nc4 19. f5 Nxb2 20. fxg6 fxg6 21. Bb3+ Kh8 22. Rd5 Qxc3 23. Rd2 Qf6 24. Qxf6 Bxf6 25. Bd4 Nc4 26. Bxf6+ exf6 27. Bxc4 Rxc4 28. Rxd6 Rcxe4 29. Rxe4 Rxe4 30. Rxf6 Kg7 31. Rd6 Re7 32. Kf2 h5 33. Kg3 Kh6 34. Kf4 Re2 35. g4 Rxa2 36. Rd7 Ra4+ 37. Kg3 b5 38. Kh4 g5+ 39. Kg3 h4+ 40. Kg2 b4 41. Rd6+ Kg7 42. Rd5 Kf6 43. Rd4 Ra2+ 44. Kf3 b3 45. Rb4 b2 46. Ke3 a5 47. Rb6+ Ke7 48. Kd3 a4 49. Kc2 a3 50. Rb5 Ra1 51. Rb3 0-1

[Event "CZE-ch U10 Open 2023"]
[Site "Teplice"]
[Date "2023.03.13"]
[Round "4.9"]
[White "Vorlik, Jachym"]
[Black "Kupka, Frantisek"]
[Result "0-1"]
[ECO "D02"]
[WhiteElo "1204"]
[BlackElo "1988"]
[Annotator "TA"]
[PlyCount "21"]
[EventDate "2023.03.09"]
[EventType "swiss"]
[EventCountry "CZE"]
[SourceTitle "playchess.com"]
[Source "ChessBase"]
[SourceQuality "1"]
[TimeControl "40/5400+30:1800+30"]

1. d4 d5 2. Bf4 Nf6 3. Nf3 Bf5 4. e3 c5 5. Nbd2 Nc6 6. Bb5 {[%emt 0:01:02] [#] D02: 1 d4 d5 2 Nf3 sidelines, including 2...Nf6 3 g3 and 2...Nf6 3 Bf4.} Rc8 $146 (6... cxd4 $11 7. Nxd4 Bd7) ({Predecessor:} 6... cxd4 7. exd4 a6 8. Bxc6+ bxc6 9. Ne5 Qb6 10. c4 Qxd4 11. Qa4 Rc8 12. Bg3 h5 {½-½ Ivanisevic,I (2499)-Van Wely,L (2593) Dubai bin Rashid Cup Blitz 2021 (7)}) 7. O-O (7. dxc5 $16 Bd7 8. c3) 7... a6 {[%emt 0:01:00] [#]} (7... cxd4 $11 {remains equal.} 8. Nxd4 Bd7) 8. Bxc6+ $1 $16 Rxc6 9. Re1 (9. c4 $16) 9... e6 10. c3 Qb6 (10... Bd6 $11 {keeps the balance.}) 11. b3 {[%emt 0:02:20][%mdl 32768] Weighted Error Value: White=0.33/Black=0.67. Loss on time!?} ({White should try} 11. Ne5 $16) 0-1

[Event "CZE-ch U10 Open 2023"]
[Site "Teplice"]
[Date "2023.03.13"]
[Round "4.11"]
[White "Fadrny, Jonas"]
[Black "Broz, Pavel"]
[Result "1-0"]
[ECO "C50"]
[WhiteElo "1247"]
[BlackElo "1870"]
[Annotator "NA RC COMBH"]
[PlyCount "60"]
[EventDate "2023.03.09"]
[EventType "swiss"]
[EventCountry "CZE"]
[SourceTitle "playchess.com"]
[Source "ChessBase"]
[SourceQuality "1"]
[TimeControl "40/5400+30:1800+30"]

1. e4 e5 2. Nf3 Nc6 3. Bc4 Nf6 4. d3 Bc5 5. Be3 Bb6 6. Nc3 d6 7. Qd2 Bd7 8. Bg5 Be6 9. Nd5 Bxd5 10. Bxd5 Qe7 11. Nh4 h6 12. Nf5 Qf8 13. Bxf6 gxf6 14. O-O-O Rg8 15. g3 Rg6 16. a4 O-O-O 17. Bxc6 bxc6 18. a5 Bc5 19. b4 d5 20. bxc5 Qxc5 21. Rde1 Qa3+ 22. Kd1 dxe4 23. Rxe4 Qa1+ 24. Qc1 Qxa5 25. Ne7+ Kd7 26. Nxg6 fxg6 27. Qxh6 Rb8 28. Ke2 Qc3 29. Qg7+ Ke6 30. Rc4 Kd5 1-0

[Event "CZE-ch U10 Open 2023"]
[Site "Teplice"]
[Date "2023.03.14"]
[Round "5.1"]
[White "Velim, Vojtech"]
[Black "Filindash, Nikita"]
[Result "0-1"]
[ECO "D45"]
[WhiteElo "1369"]
[BlackElo "2021"]
[Annotator "TA"]
[PlyCount "100"]
[EventDate "2023.03.09"]
[EventType "swiss"]
[EventCountry "CZE"]
[SourceTitle "playchess.com"]
[Source "ChessBase"]
[SourceQuality "1"]
[TimeControl "40/5400+30:1800+30"]

1. d4 d5 2. c4 e6 3. Nf3 c6 4. e3 Nf6 5. Qc2 Nbd7 6. Nc3 Be7 7. cxd5 {[%emt 0:01:17] D45: Semi-Slav: 5 e3.} exd5 8. Bd3 O-O 9. O-O {[%emt 0:00:42] The position is equal.} Re8 {[%emt 0:00:18] [#]} 10. Nd2 $146 ({Predecessor:} 10. a3 Nf8 11. b4 a6 12. h3 Bd6 13. Na4 Ne4 {½-½ Drazic,S (2406)-Sredojevic,I (2428) Novi Sad 04 2016 (1)}) 10... Nf8 11. Nb3 Ng6 12. e4 dxe4 13. Nxe4 Nxe4 14. Bxe4 Bf6 ({Black should try} 14... Bd6 $15 15. g3 Bh3) 15. Rd1 (15. Be3 $11) 15... Qe7 16. Bd3 Bg4 17. f3 Be6 18. Bf1 Rad8 19. Bc4 Bxc4 20. Qxc4 Qe2 {[%emt 0:11:23] Repels Bd2} (20... Nh4 $142 {aiming for ...Qe2.} 21. Bf4 Nf5) 21. Qxe2 $17 Rxe2 22. Rd2 (22. Kf1 $17 Ree8 23. Bd2) 22... Rxd2 (22... Re1+ $19 23. Kf2 Rde8) 23. Bxd2 Bxd4+ 24. Nxd4 Rxd4 $19 {[%emt 0:00:05][%mdl 4096] Endgame KRB-KRN} 25. Bc3 Rd7 26. Re1 {[%emt 0:00:32] [#] And now Re8+ would win.} f6 27. g3 Kf7 28. f4 Ne7 29. Kf2 Nd5 30. Bd2 c5 31. a3 Nb6 32. Ke2 (32. Re2 $17) 32... Re7+ 33. Kd1 (33. Kd3 $17) 33... Rxe1+ 34. Kxe1 {[%emt 0:01:17] KB-KN} Ke6 35. Ke2 Kd5 36. Kd3 c4+ 37. Ke3 $2 (37. Kc3) 37... Na4 38. Bc1 Nc5 39. Bd2 Ne4 {[%emt 0:02:10] Threatens to win with ...Nxd2.} 40. Be1 f5 41. a4 Nc5 42. Bc3 g6 (42... Nxa4 $2 {is the wrong capture.} 43. Bxg7 b5 44. Kd2 $19) 43. a5 b6 44. axb6 $2 (44. Ke2 bxa5 45. Ke3) 44... axb6 45. h3 Ne4 {[%emt 0:00:27][%cal Oe4c3] White must now prevent ...Nxc3!} 46. Bd4 b5 ({Not} 46... Nxg3 47. Bxb6 Ne4 48. Bc7 $17) 47. g4 Nf2 {[%emt 0:00:27][%mdl 64] [#] Strongly threatening ...Nd1+. Double Attack} 48. gxf5 gxf5 {[%emt 0:00:07] ( -> ...Nd1+)} ({Inferior is} 48... Nxh3 49. fxg6 hxg6 50. Bg7 $15) 49. Bb6 Nd1+ 50. Kf3 Nxb2 {[%emt 0:00:08] Weighted Error Value: White=0.60/Black=0.19 (very precise)} 0-1

[Event "CZE-ch U10 Open 2023"]
[Site "Teplice"]
[Date "2023.03.14"]
[Round "5.2"]
[White "Kolar, Edvard"]
[Black "Kozusnik, Jan"]
[Result "0-1"]
[ECO "C55"]
[WhiteElo "1518"]
[BlackElo "1286"]
[Annotator "NA RC COMBH"]
[PlyCount "90"]
[EventDate "2023.03.09"]
[EventType "swiss"]
[EventCountry "CZE"]
[SourceTitle "playchess.com"]
[Source "ChessBase"]
[SourceQuality "1"]
[TimeControl "40/5400+30:1800+30"]

1. e4 e5 2. Nf3 Nc6 3. Bc4 Nf6 4. O-O Bc5 5. b4 Bxb4 6. c3 Be7 7. d4 exd4 8. e5 Ng4 9. cxd4 d6 10. h3 Nh6 11. Bxh6 gxh6 12. exd6 Qxd6 13. Qb3 Qg6 14. Ne5 Nxe5 15. dxe5 Rg8 16. Qf3 c6 17. Nc3 Bf5 18. Rad1 Bb4 19. Ne2 Bc5 20. Ng3 Qxg3 21. Bxf7+ Ke7 22. Rd7+ Kxd7 23. Qxf5+ Kc7 24. Bxg8 Qxg8 25. e6 Be7 26. Rd1 Rd8 27. Rb1 Rd6 28. Qa5+ Kb8 29. Qa6 Qc8 30. a4 Rd1+ 31. Rxd1 bxa6 32. Rb1+ Kc7 33. Rd1 Qxe6 34. a5 Bb4 35. h4 Bxa5 36. h5 Bb6 37. g3 Qe2 38. Rf1 Qxh5 39. g4 Qxg4+ 40. Kh1 Qh3+ 41. Kg1 Qxf1+ 42. Kh2 Qxf2+ 43. Kh3 Qg1 44. Kh4 Bf2+ 45. Kh5 Qg5# 0-1

[Event "CZE-ch U10 Open 2023"]
[Site "Teplice"]
[Date "2023.03.14"]
[Round "5.3"]
[White "Trejbal, Jindrich"]
[Black "Lutskiy, Mikhail"]
[Result "0-1"]
[ECO "C01"]
[WhiteElo "1937"]
[BlackElo "1150"]
[Annotator "TA"]
[PlyCount "86"]
[EventDate "2023.03.09"]
[EventType "swiss"]
[EventCountry "CZE"]
[SourceTitle "playchess.com"]
[Source "ChessBase"]
[SourceQuality "1"]
[TimeControl "40/5400+30:1800+30"]

1. e4 e6 2. d4 d5 3. exd5 exd5 4. Bd3 Nc6 5. c3 Nf6 6. h3 {C01: French: Exchange Variation.} Be6 7. Nf3 Be7 8. Bf4 {[%emt 0:02:12] White is slightly better.} O-O 9. O-O h6 10. Re1 {[%emt 0:04:05] [#]} Bd6 $146 ({Predecessor:} 10... Qd7 11. Nbd2 Rae8 12. Qc2 Qc8 13. Re2 Bd6 14. Bxd6 cxd6 15. Ng5 hxg5 16. b4 a6 {0-1 Bojand,M (1121)-Reisi,A (1580) IRI-ch U14 Chess.com INT 2021 (3)}) 11. Ne5 Ne7 12. Qe2 a6 13. Nd2 Re8 14. Ndf3 Nc8 15. Qd2 Nb6 {[%emt 0:01:28] [#]} 16. Bxh6 gxh6 $11 17. Qxh6 {[%emt 0:00:09] aiming for Ng5.} Bf8 $1 18. Qh4 {[%emt 0:06:48] Strongly threatening Ng5.} ({Much worse is} 18. Qg5+ Bg7 $17) 18... Bg7 (18... Ne4 $1 $11) 19. Ng5 $1 $16 {[%emt 0:01:06][%mdl 1024] White has strong compensation.} Kf8 $2 {[%emt 0:03:54] [#]} (19... Nc4 $16 {was worth a try.}) 20. Ng6+ $1 {[%emt 0:01:18][%mdl 576] Deflection} Kg8 21. Nf4 Bd7 22. Nh7 $2 (22. Re5 $18) 22... Ne4 $17 23. Qh5 c6 (23... Bc6 $17 24. h4 Qd6) 24. Bxe4 (24. Re3 $1 $11) 24... dxe4 (24... Rxe4 $17 25. Rxe4 dxe4) 25. Ng5 (25. Re3 $1 $11 {keeps the balance.} Nd5 26. Nxd5 cxd5 27. Rg3 (27. Ng5 $2 Qf6 $19)) 25... Qf6 26. g3 {[%emt 0:07:39] [#]} (26. Qh7+ $17 Kf8 27. Qh4) 26... Bf5 $1 $19 27. Re3 Nc4 28. Re2 Nd6 29. Rae1 Qh6 {[%emt 0:01:55] White must now prevent ...f6.} 30. g4 Qxh5 31. Nxh5 {[%emt 0:01:51] [#] Excellent horsemanship.} Bg6 (31... f6 $1 $19 {Threatens to win with ...Bg6.} 32. gxf5 fxg5) 32. Nf4 (32. Ng3 $17) 32... Bh6 33. Nxe4 (33. h4) 33... Bxe4 {[%emt 0:00:31] Black is clearly winning.} 34. Nh5 Bg7 {[%emt 0:00:55] Dodges Nf6+} 35. Ng3 Bg6 36. Re7 Rxe7 37. Rxe7 Rd8 38. g5 Bb1 39. a3 Ba2 40. f4 Be6 41. h4 Rc8 42. Nh5 Bf8 43. Nf6+ Kh8 {[%emt 0:00:16] Weighted Error Value: White=0.52/Black=0.29 (precise)} 0-1

[Event "CZE-ch U10 Open 2023"]
[Site "Teplice"]
[Date "2023.03.14"]
[Round "5.4"]
[White "Kroulik, Stepan"]
[Black "Vo, Daniel"]
[Result "1-0"]
[ECO "B50"]
[WhiteElo "1228"]
[BlackElo "1440"]
[Annotator "NA RC COMBH"]
[PlyCount "89"]
[EventDate "2023.03.09"]
[EventType "swiss"]
[EventCountry "CZE"]
[SourceTitle "playchess.com"]
[Source "ChessBase"]
[SourceQuality "1"]
[TimeControl "40/5400+30:1800+30"]

1. e4 c5 2. Nf3 d6 3. c3 Nf6 4. Be2 Nc6 5. d4 Nxe4 6. d5 Nb8 7. Qa4+ Nd7 8. Qxe4 Nf6 9. Qa4+ Bd7 10. Qb3 Rb8 11. a4 g6 12. O-O Bg7 13. Rd1 O-O 14. Bf4 e5 15. dxe6 Bxe6 16. Qc2 Ne8 17. Qd2 Qb6 18. a5 Qc6 19. Na3 Rd8 20. Bh6 d5 21. Bxg7 Nxg7 22. Nc2 Nf5 23. Ne3 Rfe8 24. Nxf5 Bxf5 25. Bd3 Bg4 26. Qf4 Bxf3 27. Qxf3 c4 28. Bc2 Re6 29. Ba4 Qd6 30. Re1 Rf6 31. Qg3 Qc5 32. Re8+ Rxe8 33. Bxe8 Qe7 34. Ba4 Re6 35. h3 Re2 36. b3 cxb3 37. Bxb3 Rd2 38. Qe3 Qxe3 39. fxe3 Rd3 40. Rd1 Rxe3 41. Bxd5 Rxc3 42. Bxb7 Rc7 43. a6 Kg7 44. Rd8 Kf6 45. Ra8 1-0

[Event "CZE-ch U10 Open 2023"]
[Site "Teplice"]
[Date "2023.03.14"]
[Round "5.5"]
[White "Moravec, Rene"]
[Black "Gernert, Tomas"]
[Result "1/2-1/2"]
[ECO "A10"]
[WhiteElo "1216"]
[BlackElo "1362"]
[Annotator "NA RC COMBH"]
[PlyCount "56"]
[EventDate "2023.03.09"]
[EventType "swiss"]
[EventCountry "CZE"]
[SourceTitle "playchess.com"]
[Source "ChessBase"]
[SourceQuality "1"]
[TimeControl "40/5400+30:1800+30"]

1. c4 d5 2. cxd5 Nf6 3. d4 Nxd5 4. e4 Nf6 5. Nc3 Nc6 6. Nf3 e6 7. Be2 Bb4 8. O-O Bxc3 9. bxc3 Nxe4 10. Bd3 Nxc3 11. Qc2 Nd5 12. Re1 O-O 13. a3 h6 14. Bd2 b6 15. Qxc6 Bd7 16. Qc1 Qf6 17. Re4 c5 18. Ne5 Rfd8 19. Rg4 Kf8 20. Nxd7+ Rxd7 21. dxc5 Rc8 22. a4 Rxc5 23. Qa3 Nc3 24. Bxc3 Rxd3 25. Bxf6 Rxa3 26. Bxg7+ Ke8 27. Bb2 Rxa1+ 28. Bxa1 Rc1# 1/2-1/2

[Event "CZE-ch U10 Open 2023"]
[Site "Teplice"]
[Date "2023.03.14"]
[Round "5.7"]
[White "Bucek, Vit"]
[Black "Skoloud, Josef"]
[Result "0-1"]
[ECO "C55"]
[WhiteElo "1198"]
[BlackElo "1090"]
[Annotator "NA RC COMBH"]
[PlyCount "96"]
[EventDate "2023.03.09"]
[EventType "swiss"]
[EventCountry "CZE"]
[SourceTitle "playchess.com"]
[Source "ChessBase"]
[SourceQuality "1"]
[TimeControl "40/5400+30:1800+30"]

1. e4 e5 2. Nf3 Nc6 3. d4 exd4 4. Bc4 Nf6 5. e5 Ng4 6. O-O Be7 7. Re1 O-O 8. h3 Nh6 9. Bxh6 gxh6 10. Nxd4 Kh8 11. Nc3 Bh4 12. Qd2 f6 13. exf6 Qxf6 14. Nf3 d6 15. b3 Bxf2+ 16. Kxf2 Bxh3 17. Re3 Bg4 18. Rae1 Ne5 19. Be2 Bxf3 20. Bxf3 Ng4+ 21. Kf1 Nxe3+ 22. Rxe3 c6 23. Ne4 Qg6 24. Qxd6 Qg7 25. Qa3 Qd4 26. Qc1 Rae8 27. Ke2 Rf7 28. Bh5 Rxe4 29. Bxf7 Rg4 30. Qf1 Rf4 31. Rg3 Re4+ 32. Re3 Rxe3+ 33. Kf2 Qd2+ 34. Kg1 Re1 35. Bc4 Rxf1+ 36. Kxf1 Qxc2 37. a4 a6 38. a5 Qc3 39. g4 Qd4 40. Bxa6 bxa6 41. b4 Qd2 42. b5 cxb5 43. Kg1 Kg7 44. Kh1 Kg6 45. Kg1 Kg5 46. Kh1 Kf4 47. g5 Kg3 48. gxh6 Qg2# 0-1

[Event "CZE-ch U10 Open 2023"]
[Site "Teplice"]
[Date "2023.03.14"]
[Round "5.10"]
[White "Broz, Pavel"]
[Black "Fadrny, Jachym"]
[Result "0-1"]
[ECO "B40"]
[WhiteElo "1870"]
[BlackElo "1279"]
[Annotator "NA RC COMBH"]
[PlyCount "38"]
[EventDate "2023.03.09"]
[EventType "swiss"]
[EventCountry "CZE"]
[SourceTitle "playchess.com"]
[Source "ChessBase"]
[SourceQuality "1"]
[TimeControl "40/5400+30:1800+30"]

1. e4 c5 2. Nf3 e6 3. d4 cxd4 4. c3 dxc3 5. Nxc3 Nc6 6. Bf4 Bb4 7. Qb3 h6 8. Be2 Nf6 9. h3 Nxe4 10. Ne5 Bxc3+ 11. bxc3 Qf6 12. Nxc6 Qxf4 13. Nd4 Qxf2+ 14. Kd1 Qe3 15. Qc2 Nf2+ 16. Ke1 Nxh1 17. Rd1 Ng3 18. Rd3 Qg1+ 19. Kd2 Ne4# 0-1

[Event "CZE-ch U10 Open 2023"]
[Site "Teplice"]
[Date "2023.03.15"]
[Round "6.1"]
[White "Filindash, Nikita"]
[Black "Kroulik, Stepan"]
[Result "1-0"]
[ECO "D85"]
[WhiteElo "2021"]
[BlackElo "1228"]
[Annotator "TA"]
[PlyCount "73"]
[EventDate "2023.03.09"]
[EventType "swiss"]
[EventCountry "CZE"]
[SourceTitle "playchess.com"]
[Source "ChessBase"]
[SourceQuality "1"]
[TimeControl "40/5400+30:1800+30"]

1. d4 Nf6 2. c4 g6 3. Nc3 d5 4. cxd5 Nxd5 5. e4 Nxc3 6. bxc3 Bg7 7. Nf3 c5 8. Be3 Qa5 9. Qd2 Nc6 10. Rc1 cxd4 11. cxd4 Qxd2+ 12. Kxd2 O-O 13. d5 Rd8 14. Ke1 Nb4 15. Bd2 {[%emt 0:02:22] D85: Exchange Grünfeld: Unusual White 7th moves and lines with 7 Nf3.} Na6 16. Bb5 f5 17. e5 {[%emt 0:04:30] [#] The position is equal.} b6 $146 (17... Bd7 $11 18. a4 Be8) ({Predecessor:} 17... Rxd5 18. Bc4 Be6 19. Be3 Rc8 20. Nd4 Rxc4 21. Rxc4 Rxe5 22. Nxe6 Rxe6 23. Kd2 b6 {½-½ Raicevic,V (2460)-Popovic,P (2525) YUG-chT Budva 2002}) 18. Bg5 {[%emt 0:03:12] White is much more active.} ({White should try} 18. Rxc8 $1 $16 Raxc8 19. Bxa6) 18... Kf7 $2 {[%emt 0:10:51][%mdl 8192] [#]} ({Black should play} 18... Bb7 $1 $14) 19. d6 $1 $18 Bf8 20. Bc4+ Be6 $2 (20... Ke8 21. Bb5+ Kf7 22. e6+ Bxe6 23. Bxa6 Rxd6) 21. Bxa6 h6 22. Bxe7 Bxe7 23. Rc7 {[%emt 0:00:25][%mdl 64] Pin} Rd7 24. Rxd7 Bxd7 25. Bc4+ Be6 $2 (25... Ke8 26. Kd2 Rc8) 26. Bxe6+ {[%emt 0:00:11] White is clearly winning.} Kxe6 27. dxe7 Kxe7 {[%emt 0:00:08][%mdl 4096] Endgame KRN-KR} 28. Kd2 Rd8+ 29. Kc3 Rd5 30. Nd4 a6 31. Re1 Rc5+ 32. Kd3 Rd5 33. Rc1 Kd7 34. f4 Ra5 35. Rc2 {[%emt 0:00:29] Strongly threatening e6+.} h5 36. e6+ Ke8 37. Rc8+ {[%emt 0:00:10] Black did not feel at home in the position after the opening.   Weighted Error Value: White=0.30/Black=1.04} 1-0

[Event "CZE-ch U10 Open 2023"]
[Site "Teplice"]
[Date "2023.03.15"]
[Round "6.2"]
[White "Kozusnik, Jan"]
[Black "Lutskiy, Mikhail"]
[Result "1-0"]
[ECO "C11"]
[WhiteElo "1286"]
[BlackElo "1150"]
[Annotator "NA RC COMBH"]
[PlyCount "111"]
[EventDate "2023.03.09"]
[EventType "swiss"]
[EventCountry "CZE"]
[SourceTitle "playchess.com"]
[Source "ChessBase"]
[SourceQuality "1"]
[TimeControl "40/5400+30:1800+30"]

1. e4 e6 2. d4 d5 3. Nc3 Nf6 4. Bd3 c5 5. dxc5 Bxc5 6. Nf3 O-O 7. O-O Nc6 8. Bg5 h6 9. Bh4 Be7 10. exd5 Nxd5 11. Bxe7 Ncxe7 12. Ne4 Nf4 13. Qd2 Nxd3 14. Qxd3 Qb6 15. Qd6 Nd5 16. Qxb6 Nxb6 17. Nd6 Rb8 18. Ne5 Bd7 19. Nxd7 Nxd7 20. Rad1 Nb6 21. c4 a6 22. Rd2 Rfd8 23. Rfd1 Rd7 24. b3 Rbd8 25. Ne4 Rxd2 26. Rxd2 Rxd2 27. Nxd2 Kf8 28. Ne4 Nd7 29. Kf1 Ke7 30. Ke2 f5 31. Nd2 Kd6 32. Kd3 Ne5+ 33. Kd4 g5 34. c5+ Kc6 35. Kxe5 Kxc5 36. a3 f4 37. f3 a5 38. Ne4+ Kb5 39. Nd6+ Kc6 40. Nc4 Kb5 41. Kxe6 Ka6 42. Kd6 b5 43. Ne5 h5 44. g3 fxg3 45. hxg3 h4 46. gxh4 gxh4 47. f4 h3 48. Nf3 Kb6 49. f5 Kb7 50. f6 b4 51. axb4 axb4 52. f7 Kb6 53. f8=Q Kb5 54. Qb8+ Ka5 55. Kc5 Ka6 56. Qb6# 1-0